 Dungeon Crawl Stone Soup version 0.22-a0-240-g539252a (webtiles) character file.

9289 wolfsongas the Geomancer (level 11, 0/63 HPs)
             Began as a Gargoyle Earth Elementalist on Feb 22, 2018.
             Was a Believer of Vehumet.
             Slain by Vash's ghost (4 damage)
             ... while paralysed
             ... on level 10 of the Dungeon.
             The game lasted 00:31:55 (10466 turns).

wolfsongas the Geomancer (GrEE)                    Turns: 10466, Time: 00:31:55

Health: 0/63       AC: 20    Str: 11    XL:     11   Next: 44%
Magic:  9/24       EV:  2    Int: 20    God:    Vehumet [**....]
Gold:   652        SH:  0    Dex: 10    Spells: 19/28 levels left

rFire    . . .     SeeInvis .   h - +1 dagger (drain)
rCold    . . .     Gourm    .   (no shield)
rNeg     + . .     Faith    .   j - +1 ring mail
rPois    ∞         Spirit   .   t - +1 hat {MR+}
rElec    +         Reflect  .   (no cloak)
rCorr    .         Harm     .   u - +0 pair of gloves
MR       +....                  o - +0 pair of boots
Stlth    +.........             (no amulet)
HPRegen  0.20/turn              n - ring of wizardry
MPRegen  0.19/turn              f - +1 ring of protection

@: paralysed, berserk cooldown, hasted and slowed
A: thin metallic scales 1, frail 1, negative energy resistance 1, sense
surroundings 1, electricity resistance, wild magic 1, unbreathing, petrification
resistance, rot immunity, AC +8
a: Renounce Religion


You were on level 10 of the Dungeon.
You worshipped Vehumet.
Vehumet was pleased with you.
You were not hungry.

You visited 2 branches of the dungeon, and saw 11 of its levels.

You collected 652 gold pieces.

Inventory:

Hand Weapons
 h - a +1 dagger of draining (weapon)
 v - a +0 hunting sling
Missiles
 b - 54 stones (quivered)
Armour
 j - a +1 ring mail (worn)
 o - a +0 pair of boots (worn)
 t - a +1 hat of magic resistance (worn)
 u - a +0 pair of gloves (worn)
Jewellery
 f - a +1 ring of protection (right hand)
 k - an uncursed ring of protection from magic
 n - a ring of wizardry (left hand)
 B - an uncursed ring of protection from cold
Wands
 q - a wand of enslavement (10)
 r - a wand of acid (8)
 w - a wand of flame (24)
 z - a wand of disintegration (10)
Scrolls
 c - 6 scrolls of teleportation
 g - 2 scrolls of remove curse
 x - a scroll of blinking
 y - 3 scrolls of fog
 A - 3 scrolls of identify
 E - a scroll of enchant weapon
 F - a scroll of enchant armour
Potions
 a - 5 potions of flight
 e - 4 potions of curing
 i - 3 potions of might
 s - 2 potions of agility
 C - a potion of cancellation
 D - a potion of invisibility
Comestibles
 d - 18 rations


   Skills:
 + Level 9.1 Fighting
 + Level 6.3 Dodging
 - Level 2.4 Stealth
 + Level 9.0 Spellcasting
 + Level 3.3 Conjurations
   Level 0.7 Transmutations
 - Level 11.4 Earth Magic


You had 19 spell levels left.
You knew the following spells:

 Your Spells              Type           Power        Failure   Level  Hunger
a - Sandblast             Erth           ######       1%          1    None
b - Lee's Rapid Deconstr  Erth           ######....   3%          5    #####..
c - Stone Arrow           Conj/Erth      ######       1%          3    None


Dungeon Overview and Level Annotations

Branches:
Dungeon (10/15)            Temple (1/1) D:7            Lair (0/6) D:8
    Orc: D:9-12

Altars:
Ashenzari
Cheibriados
Dithmenos
Elyvilon
Fedhas
Gozag
Hepliaklqana
Kikubaaqudgha
Makhleb
Nemelex Xobeh
Okawaru
Qazlal
Ru
Sif Muna
Trog
Uskayaw
Vehumet
Wu Jian
Xom
Yredelemnul
Zin
The Shining One

Shops:
D:4 }

Portals:
Trove: D:10 (give 7 potions of agility)

Annotations:
D:10 Vash's ghost, journeyman GnSu


Innate Abilities, Weirdness & Mutations

You are resistant to torment.
Your stone body is resilient. (AC +8)
You are immune to poison.
You resist negative energy. (rN+)
You are resistant to electric shocks. (rElec)
You can survive without breathing.
You are immune to petrification.
You are immune to rotting.
You are partially covered in thin metallic scales. (AC +2)
You are frail. (-10% HP)
You passively map a small area around you.
Your spells are a little harder to cast, but a little more powerful.


Message History

The ice beast hits you but does no damage.
The quokka bites you but does no damage.
The ice beast completely misses you.
The river rat bites you but does no damage.
The shadow imp hits you but does no damage.
The centaur warrior skeleton hits you but does no damage.
Vash's ghost hits you!
* * * LOW HITPOINT WARNING * * *
The ice beast hits you but does no damage.
The quokka bites you.
* * * LOW HITPOINT WARNING * * *
The centaur warrior skeleton barely misses you.
The ice beast hits you but does no damage.
The shadow imp hits you but does no damage.
The river rat bites you but does no damage.
The centaur warrior skeleton hits you.
* * * LOW HITPOINT WARNING * * *
The quokka bites you but does no damage.
Vash's ghost hits you.
You die...

, #..<..# ** * #......#
#.....##*# ≈, #......#
#...... .#### , , *#....≈.#
#.%...##.....
...*#......###............ ,
....##................#....
...........r...........#....
....?..≈≈.YZW5.........#....
......≈≈≈Yr@r#####.....#....
.....≈≈≈≈5.Y# #.......'....
≈ , #..≈≈≈≈≈.###
#.##....#..(. ≈,,##..≈≈≈...#
#.##....#.... ≈ #.........#
#..........). , #..8......#
####.....)..# , #.8.8.....#
#....<.... , #8.∩.8#####
#...Y(W).. #.8.8.#
#..≈≈..).>


You could see 3 ice beasts, Vash's ghost, a crimson imp, a river rat, a shadow
imp, 2 quokkas and a centaur warrior skeleton.

Vanquished Creatures
  Gastronok (D:8)
  Erolcha (D:9)
  Erica (D:8)
  A two-headed ogre (D:10)
  The ghost of Avonyel the Cleaver, a novice MiBe of Trog (D:7)
  A troll (D:9)
  A hippogriff (D:7)
  A meliai zombie (D:10)
  Eustachio (D:6)
  Menkaure (D:5)
  A water moccasin (D:6)
  2 orc warriors
  A black bear (D:8)
  An ice beast (D:8)
  7 sky beasts
  4 ogres
  2 necrophages
  3 centaurs
  A phantom (D:7)
  5 big kobolds
  A crocodile (D:8)
  5 bullfrogs
  5 scorpions
  6 crimson imps
  4 orc priests
  3 jellies
  3 bullfrog skeletons
  3 hounds
  A centaur skeleton (D:7)
  4 iguanas
  7 orc wizards
  9 worker ants
  2 hound zombies
  A worker ant zombie (D:5)
  4 gnolls
  9 adders
  2 adder skeletons
  An adder zombie (D:5)
  7 worms
  3 dart slugs
  6 leopard geckos
  37 orcs
  6 bats
  6 giant cockroaches
  11 goblins
  6 hobgoblins
  8 jackals (D:6)
  3 quokkas
  5 frilled lizards (D:1)
  A jackal zombie (D:7)
  28 kobolds
  A quokka skeleton (D:5)
  10 rats
245 creatures vanquished.

Notes
Turn   | Place    | Note
-------+----------+-------------------------------------------
     0 | D:1      | wolfsongas the Gargoyle Earth Elementalist began the quest for the Orb.
     0 | D:1      | Reached XP level 1. HP: 10/10 MP: 3/3
   473 | D:1      | Reached XP level 2. HP: 10/15 MP: 1/5
   915 | D:1      | Reached skill level 4 in Earth Magic
   915 | D:1      | Reached XP level 3. HP: 16/20 MP: 3/6
  1241 | D:1      | Reached skill level 1 in Fighting
  1521 | D:2      | Reached XP level 4. HP: 25/25 MP: 4/8
  1709 | D:2      | Found a sparkling altar of Nemelex Xobeh.
  1790 | D:2      | Found an ancient bone altar of Kikubaaqudgha.
  1902 | D:2      | Reached XP level 5. HP: 30/30 MP: 3/10
  1980 | D:2      | Found an iron altar of Okawaru.
  2663 | D:3      | Found an opulent altar of Gozag.
  2718 | D:3      | Gained mutation: Your spells are a little harder to cast, but a little more powerful. [potion of mutation]
  2718 | D:3      | Gained mutation: You passively map a small area around you. [potion of mutation]
  2718 | D:3      | Gained mutation: You are frail. (-10% HP) [potion of mutation]
  2718 | D:3      | Gained mutation: You are partially covered in thin metallic scales. (AC +2) [potion of mutation]
  2905 | D:3      | Reached skill level 5 in Earth Magic
  2905 | D:3      | Reached XP level 6. HP: 31/32 MP: 6/12
  3615 | D:4      | Found Vuasm's Gadget Emporium.
  3651 | D:4      | Reached XP level 7. HP: 36/36 MP: 10/14
  3736 | D:4      | Reached skill level 5 in Spellcasting
  4150 | D:5      | Entered Level 5 of the Dungeon
  4235 | D:5      | Reached skill level 6 in Earth Magic
  4317 | D:5      | Noticed Menkaure
  4324 | D:5      | Killed Menkaure
  4324 | D:5      | Reached XP level 8. HP: 43/43 MP: 13/17
  5050 | D:6      | Reached skill level 7 in Earth Magic
  5086 | D:6      | Noticed Eustachio
  5100 | D:6      | Killed Eustachio
  5100 | D:6      | Reached skill level 5 in Fighting
  5200 | D:6      | Found a glowing silver altar of Zin.
  5278 | D:6      | Reached skill level 8 in Earth Magic
  5284 | D:6      | Reached XP level 9. HP: 39/48 MP: 6/18
  5578 | D:6      | Learned a level 5 spell: Lee's Rapid Deconstruction
  6003 | D:6      | Reached skill level 9 in Earth Magic
  6233 | D:7      | Found a staircase to the Ecumenical Temple.
  6257 | Temple   | Entered the Ecumenical Temple
  6356 | Temple   | Became a worshipper of Vehumet
  6393 | D:7      | Noticed Avonyel's ghost (novice MiBe)
  6667 | D:7      | Learned a level 3 spell: Stone Arrow
  6692 | D:7      | Killed Avonyel's ghost
  6692 | D:7      | Reached skill level 10 in Earth Magic
  6692 | D:7      | Reached XP level 10. HP: 54/54 MP: 4/21
  7326 | D:8      | Noticed Gastronok
  7341 | D:8      | Killed Gastronok
  7341 | D:8      | Reached skill level 5 in Dodging
  7341 | D:8      | Reached skill level 11 in Earth Magic
  7470 | D:8      | Noticed Erica
  7476 | D:8      | Killed Erica
  7479 | D:8      | Found a staircase to the Lair.
  8060 | D:9      | Reached * piety under Vehumet
  8060 | D:9      | Offered knowledge of Shock by Vehumet.
  8060 | D:9      | Reached XP level 11. HP: 62/62 MP: 20/23
  8231 | D:9      | Reached skill level 1 in Conjurations
  8449 | D:9      | Found a shattered altar of Ashenzari.
  8569 | D:9      | Found a blossoming altar of Fedhas.
  8739 | D:9      | Noticed Erolcha
  8749 | D:9      | Killed Erolcha
  8749 | D:9      | Offered knowledge of Flame Tongue by Vehumet.
  8889 | D:9      | Reached ** piety under Vehumet
  9432 | D:10     | Entered Level 10 of the Dungeon
  9784 | D:10     | Noticed a two-headed ogre
 10015 | D:10     | Killed a two-headed ogre
 10067 | D:10     | Noticed Vash's ghost (journeyman GnSu)
 10421 | D:10     | Found a portal to a secret trove of treasure.
 10466 | D:10     | Slain by Vash's ghost

Vault maps used:
D:1:      dpeg_arrival_round_c
D:2:      minmay_door_path, nemelex_altar_shiori, lemuel_doored_altar,
          kiku_gazebo_pond_becter, grunt_ministairs_5
D:3:      grunt_gozag_breadcrumbs, first_ration
D:4:      serial_shops, nicolae_shop_competitors_out_of_business,
          kennysheep_generic_room_14
D:5:      uniq_menkaure
D:6:      basic_altar, kennysheep_generic_room_15, uniq_eustachio
D:7:      minmay_temple_entry_statues_pillars
D:8:      lair_entry_dummy, grunt_ogre_cave, uniq_erica, uniq_gastronok
D:9:      overflow_temple_1_default, lemuel_crystal_altar, grunt_ministairs_7,
          uniq_erolcha
D:10:     enter_trove_2, uniq_fannar
Temple:   regret_index_temple_sphere_string

Skill      XL: |  1  2  3  4  5  6  7  8  9 10 11 |
---------------+----------------------------------+-----
Earth Magic    | 4 5 6 8 10 11 | 11.4
Fighting       | 1 2 3 4 5 6 8 9 |  9.1
Spellcasting   | 3 4 6 7 8 9 |  9.0
Dodging        | 3 4 5 6 |  6.3
Conjurations   | 3 |  3.3
Stealth        | |  2.4
Transmutations | |  0.7

Action                   |  1- 3 |  4- 6 |  7- 9 | 10-12 || total
-------------------------+-------+-------+-------+-------++-------
Melee: Unarmed           |    24 |       |       |       ||    24
       Dagger            |    74 |   136 |   133 |    83 ||   426
 Cast: Sandblast         |    20 |    58 |   121 |    81 ||   280
       Stone Arrow       |       |       |     6 |    76 ||    82
       Lee's Rapid Decon |       |       |     3 |     9 ||    12
  Use: Scroll            |     8 |     7 |     8 |     6 ||    29
       Potion            |       |     2 |     3 |     6 ||    11
 Stab: Sleeping          |     1 |       |       |       ||     1
  Eat: Chunk             |     2 |     6 |     3 |     2 ||    13
       Ration            |       |     1 |     2 |     3 ||     6
Armor: Robe              |    13 |       |       |       ||    13
       Ring mail         |    51 |   100 |    76 |   160 ||   387
Dodge: Dodged            |    76 |    85 |   114 |   171 ||   446

Table legend:
 A = Spawn XP
 B = Non-spawn XP
 C = Spawn XP percentage of total XP
 D = Spawn monster count
 E = Non-spawn monster count
 F = Spawn count percentage of total count
 G = Total turns spent on level
                    A         B        C        D         E        F      G
               +---------+---------+-------+---------+---------+-------+---------
         Total |       0 |   13270 |   0.0 |       0 |     245 |   0.0 | 10466
               +---------+---------+-------+---------+---------+-------+---------
           D:1 |       0 |      49 |   0.0 |       0 |      23 |   0.0 |  1348
           D:2 |       0 |     190 |   0.0 |       0 |      28 |   0.0 |  1155
           D:3 |       0 |     108 |   0.0 |       0 |      20 |   0.0 |   979
           D:4 |       0 |     541 |   0.0 |       0 |      20 |   0.0 |   668
           D:5 |       0 |     685 |   0.0 |       0 |      14 |   0.0 |   881
           D:6 |       0 |    1688 |   0.0 |       0 |      36 |   0.0 |  1065
           D:7 |       0 |    1855 |   0.0 |       0 |      21 |   0.0 |  1027
           D:8 |       0 |    4067 |   0.0 |       0 |      13 |   0.0 |   806
           D:9 |       0 |    2898 |   0.0 |       0 |      56 |   0.0 |  2166
          D:10 |       0 |    1189 |   0.0 |       0 |      14 |   0.0 |   246
               +---------+---------+-------+---------+---------+-------+---------
